 Dungeon Crawl Stone Soup version 0.31-a0-1005-gfbdfbac (webtiles) character file.

Game seed: 13624745175051015427

3528 Durumi the Basher (level 10, -1/100 HPs)
             Began as an Ogre Berserker on Nov 10, 2023.
             Was an Elder of Trog.
             Slain by a wolf (4 damage)
             ... led by Grum
             ... on level 8 of the Dungeon.
             The game lasted 00:11:59 (8747 turns).

Durumi the Basher (Ogre Berserker)                  Turns: 8747, Time: 00:11:59

Health: -1/100     AC:  3    Str: 27    XL:     10   Next: 8%
Magic:  10/10      EV: 10    Int:  8    God:    Trog [****..]
Gold:   276        SH:  0    Dex:  8    Spells: 9/9 levels left

rFire   + . .        n - +0 giant club
rCold   . . .        (shield currently unavailable)
rNeg    . . .        b - +0 animal skin
rPois   .            (helmet restricted)
rElec   .            (no cloak)
rCorr   .            (gloves unavailable)
SInv    .            (boots unavailable)
Will    +++..        (no amulet)
Stlth   +            g - ring of protection from fire
HPRegen 1.36/turn    (no ring)
MPRegen 0.12/turn

%: no passive effects
@: strong-willed, regenerating
A: large, unfitting armour, tough skin 1
a: Renounce Religion, Berserk, Trog's Hand, Brothers in Arms


You were on level 8 of the Dungeon.
You worshipped Trog.
Trog was greatly pleased with you.
You visited 2 branches of the dungeon, and saw 9 of its levels.

You collected 324 gold pieces.
You spent 48 gold pieces at shops.

Inventory:

Hand Weapons
 n - a +0 giant club (weapon)
Missiles
 v - 3 javelins (quivered)
 x - a throwing net
Armour
 b - a +0 animal skin (worn)
Jewellery
 g - a ring of protection from fire (left hand)
Wands
 a - a wand of quicksilver (2)
 q - a wand of polymorph (8)
 y - a wand of roots (21)
 z - a wand of paralysis (7)
Scrolls
 c - 3 scrolls of vulnerability {unknown}
 f - 2 scrolls of enchant weapon {unknown}
 h - 2 scrolls of enchant armour {unknown}
 i - a scroll of identify {unknown}
 k - a scroll of immolation
 l - 2 scrolls of teleportation {unknown}
 s - 4 scrolls of poison {unknown}
 t - 2 scrolls of blinking {unknown}
 w - a scroll of fog {unknown}
 C - a scroll of noise {unknown}
Potions
 d - 3 potions of heal wounds {unknown}
 e - a potion of cancellation {unknown}
 j - 3 potions of curing
 m - 4 potions of might
 o - a potion of haste {unknown}
 p - 2 potions of enlightenment {unknown}
 r - 2 potions of brilliance {unknown}
 u - a potion of lignification {unknown}
 A - a potion of mutation {unknown}
 B - a potion of ambrosia {unknown}
 D - 2 potions of degeneration {unknown}


   Skills:
 + Level 6.8 Fighting
 * Level 12.5 Maces & Flails
 - Level 2.6 Dodging
 - Level 0.6 Stealth


You had 9 spell levels left.
You didn't know any spells.
Your spell library was empty.

Dungeon Overview and Level Annotations

Branches:
Dungeon (8/15)             Temple (1/1) D:7
   Lair: D:8-11

Altars:
Ashenzari
Cheibriados
Dithmenos
Fedhas
Gozag
Hepliaklqana
Kikubaaqudgha
Makhleb
Nemelex Xobeh
Okawaru
Ru
Trog
Uskayaw
Vehumet
Wu Jian
Xom
Yredelemnul
Zin
The Shining One

Shops:
D:2 *


Innate Abilities, Weirdness & Mutations

You are too large for most types of armour.
You have tough skin. (AC +1)


Message History

The wolf barely misses you.
You barely miss the wolf. The wolf bites you. x2
You barely miss the wolf. The wolf bites you but does no damage.
The wolf bites you. The wolf barely misses you. The wolf bites you!
The wolf bites you but does no damage.
You thump the wolf!
The wolf is severely wounded.
The wolf barely misses you. The wolf bites you! The wolf misses you.
The wolf bites you. The wolf bites you but does no damage. The wolf bites you!
You closely miss the wolf.
The wolf is severely wounded.
The wolf barely misses you. The wolf closely misses you.
The wolf barely misses you.
You hit the wolf but do no damage.
The wolf is severely wounded.
The wolf bites you. x2; The wolf barely misses you.
The wolf bites you! The wolf misses you. The wolf bites you.
The wolf attacks as it pursues you! The wolf misses you. The wolf bites you!
The wolf bites you.
* * * LOW HITPOINT WARNING * * *
The wolf barely misses you. The wolf attacks as it pursues you!
The wolf barely misses you. The wolf closely misses you. The wolf bites you!
* * * LOW HITPOINT WARNING * * *
The wolf attacks as it pursues you! The wolf completely misses you. x2
Your skin crawls.
You feel strong-willed. The wolf bites you!
* * * LOW HITPOINT WARNING * * *
The wolf bites you.
* * * LOW HITPOINT WARNING * * *
You barely miss the wolf.
The wolf is severely wounded.
The wolf bites you!
* * * LOW HITPOINT WARNING * * *
Unknown command.
You feel better. The wolf bites you!
* * * LOW HITPOINT WARNING * * *
The wolf bites you.
You die...

##..:...........
#####........######
#......#.###.#
#.#.##...# #.#
#...##.#####.#
#####..# #..# ##.##
#.## #..#####.#####
#@##...<.....#
##h##.........#
####hh##.........#
#................#
#.......#.########
#.............
#######.###### #.#
.#


You could see 3 wolves.

Vanquished Creatures
  Pikel (D:5)
  Joseph (D:7)
  Grinder (D:3)
  Sigmund (D:2)
  Eustachio (D:5)
  A black bear (D:6)
  A sky beast (D:6)
  2 ogres
  2 centaurs
  A lemure (D:5)
  4 kobold brigands
  2 bullfrogs (D:6)
  3 scorpions
  5 howler monkeys (D:7)
  5 hounds
  4 jellies
  An orc priest (D:7)
  Ijyb (D:2)
  An iron imp (D:3)
  Jessica (D:3)
  3 orc wizards
  A hell rat (D:7)
  Natasha (thrice) (D:3)
  11 gnolls
  9 adders
  10 river rats (D:7)
  A shadow imp (D:6)
  2 white imps (D:7)
  2 ufetubi (D:6)
  A dart slug (D:1)
  11 orcs
  5 endoplasms
  5 giant cockroaches
  10 goblins
  11 hobgoblins
  4 jackals (D:4)
  7 quokkas
  10 ball pythons
  10 bats
  5 frilled lizards
  25 kobolds
  26 rats
  A spectral hobgoblin (D:2)
212 creatures vanquished.

Vanquished Creatures (others)
  A goblin (D:2)
1 creature vanquished.

Grand Total: 213 creatures vanquished

Notes
Turn   | Place    | Note
-------+----------+-------------------------------------------
     0 | D:1      | Durumi the Ogre Berserker began the quest for the Orb.
     0 | D:1      | Reached XP level 1. HP: 24/24 MP: 1/1
   101 | D:1      | Reached skill level 3 in Maces & Flails
   188 | D:1      | Reached XP level 2. HP: 7/32 MP: 2/2
   620 | D:1      | Reached XP level 3. HP: 36/39 MP: 3/3
   997 | D:2      | Noticed Sigmund
  1003 | D:2      | Killed Sigmund
  1004 | D:2      | Reached skill level 5 in Maces & Flails
  1004 | D:2      | Reached XP level 4. HP: 48/48 MP: 4/4
  1004 | D:2      | Reached XP level 5. HP: 54/54 MP: 5/5
  1011 | D:2      | Reached ** piety under Trog
  1079 | D:2      | Found a faded altar of an unknown god.
  1113 | D:2      | Found Ajuot's General Store.
  1128 | D:2      | Bought a potion of might for 48 gold pieces
  1167 | D:2      | Noticed an ogre
  1174 | D:2      | Killed an ogre
  1175 | D:2      | Reached skill level 6 in Maces & Flails
  1175 | D:2      | Reached XP level 6. HP: 62/62 MP: 6/6
  1477 | D:2      | Noticed Ijyb
  1487 | D:2      | Killed Ijyb
  1926 | D:3      | Noticed Grinder
  1941 | D:3      | Killed Grinder
  1942 | D:3      | Reached skill level 7 in Maces & Flails
  1942 | D:3      | Reached XP level 7. HP: 70/70 MP: 7/7
  2124 | D:3      | You fall into a shaft and drop 3 floors!
  2233 | D:5      | Entered Level 5 of the Dungeon
  2286 | D:5      | Reached skill level 8 in Maces & Flails
  2484 | D:5      | Reached XP level 8. HP: 17/78 MP: 8/8
  2785 | D:5      | Noticed Eustachio
  2853 | D:5      | Killed Eustachio
  2854 | D:5      | Reached skill level 9 in Maces & Flails
  2862 | D:5      | HP: 2/78 [orc/+0 trident (4)]
  4026 | D:3      | Reached *** piety under Trog
  4082 | D:3      | Noticed Natasha
  4095 | D:3      | Killed Natasha
  4273 | D:3      | Noticed Jessica
  4279 | D:3      | Killed Jessica
  4372 | D:3      | Noticed Natasha
  4390 | D:3      | Killed Natasha
  4531 | D:3      | Noticed Natasha
  4550 | D:3      | Killed Natasha
  4672 | D:3      | Found a snail-covered altar of Cheibriados.
  4743 | D:4      | Reached skill level 10 in Maces & Flails
  5688 | D:5      | Noticed Pikel
  5696 | D:5      | Killed Pikel
  5697 | D:5      | Reached skill level 11 in Maces & Flails
  5697 | D:5      | Reached XP level 9. HP: 50/84 MP: 9/9
  5853 | D:6      | Found a bloodstained altar of Trog.
  5853 | D:6      | Found a shimmering altar of Xom.
  6982 | D:7      | Reached skill level 5 in Fighting
  6988 | D:7      | Reached **** piety under Trog
  7416 | D:7      | Reached skill level 12 in Maces & Flails
  7957 | D:7      | Noticed Joseph
  7981 | D:7      | Killed Joseph
  7982 | D:7      | Reached XP level 10. HP: 9/100 MP: 10/10
  8307 | D:7      | Found a staircase to the Ecumenical Temple.
  8342 | Temple   | Entered the Ecumenical Temple
  8597 | D:7      | Found a hazy altar of Hepliaklqana.
  8600 | D:7      | Found an ancient bone altar of Kikubaaqudgha.
  8746 | D:8      | HP: 1/100 [wolf[Grum] (10)]
  8747 | D:8      | Slain by a wolf

Illustrated notes

Levels and vault maps discovered:
D:1:      dpeg_arrival_rhombi, layout_basic, serial_forest,
          infiniplex_forest_clump_tiny, infiniplex_forest_clump_curved,
          infiniplex_forest_clump_curved, infiniplex_forest_lined_corner,
          infiniplex_forest_zigzag_1, minivault_24
D:2:      kennysheep_the_goblin_king, layout_loops_cross,
          dreamdust_ecumenical_altar_drowned_temple, serial_shops,
          nicolae_shop_getting_attention, ebering_dispersal_statue_hall,
          minmay_domino_4, uniq_sigmund
D:3:      layout_basic, slow_altar_2, uniq_jessica, uniq_natasha, uniq_grinder
D:4:      layout_rooms
D:5:      cheibrodos_fertilizer, layout_basic, minmay_misc_feat_rugged,
          hangedman_minor_gate_pass, uniq_eustachio, uniq_pikel
D:6:      layout_gridville, gammafunk_temple_overflow_wave, nicolae_letterblocks
          [nicolae_letter_subblock, nicolae_letter_subblock,
          nicolae_letter_subblock, nicolae_letter_subblock,
          nicolae_letter_subblock, nicolae_letter_subblock,
          nicolae_letter_subblock, nicolae_letter_subblock,
          nicolae_letter_subblock, nicolae_letter_subblock,
          nicolae_letter_subblock, nicolae_letter_subblock,
          nicolae_letter_subblock, nicolae_letter_subblock,
          nicolae_letter_subblock, nicolae_letter_subblock,
          nicolae_letter_subblock, nicolae_letter_subblock,
          nicolae_letter_subblock, nicolae_letter_subblock,
          nicolae_letter_subblock, nicolae_letter_subblock,
          nicolae_letter_subblock, nicolae_letter_subblock,
          nicolae_letter_subblock]
D:7:      lemuel_ratsnest, layout_loops_ring, nicolae_overflow_hidden_temple,
          minmay_temple_entry_nine_rooms, uniq_joseph
D:8:      layout_rooms, nicolae_overflow_squiral,
          amcnicky_mini_rare_corridor_liquid, uniq_grum
Temple:   minmay_temple_curvy_branch

Skill      XL: |  1  2  3  4  5  6  7  8  9 |
---------------+----------------------------+-----
Maces & Flails | 3 5 6 7 8 11 12 | 12.5
Fighting       | 6 |  6.8
Dodging        | |  2.6
Stealth        | |  0.6

Action                     |  1- 3 |  4- 6 |  7- 9 | 10-12 || total
---------------------------+-------+-------+-------+-------++-------
  Melee: Mace              |    95 |    31 |       |       ||   126
         Giant club        |       |    69 |   524 |    30 ||   623
 Invoke: Berserk           |     1 |     3 |     3 |       ||     7
         Trog's Hand       |       |     1 |     3 |     1 ||     5
  Evoke: Wand              |       |       |     6 |       ||     6
    Use: Scroll            |       |       |     2 |       ||     2
         Potion            |       |       |     1 |     1 ||     2
   Stab: Sleeping          |       |     1 |       |       ||     1
         Distracted        |       |       |     1 |       ||     1
         Paralysed         |       |       |     1 |       ||     1
 Armour: Animal skin       |    96 |    73 |   450 |    48 ||   667
  Dodge: Dodged            |    73 |    75 |   296 |    22 ||   466

Table legend: (Time is in decaauts)
 A = Elapsed time spent in this place.
 B = Non-inter-level travel time spent in this place.
 C = Inter-level travel time spent in this place.
 D = Time resting spent in this place.
 E = Time spent auto-exploring this place.
 F = Levels seen in this place.
 G = Mean time per level.
                   A        B        C        D        E       F      G
               +--------+--------+--------+--------+--------+-----+--------+
         Total |   8915 |   8769 |    146 |    996 |   6192 |   9 |  990.6 |
       Dungeon |   8913 |   8767 |    146 |    996 |   6192 |   8 | 1114.1 |
        Temple |      1 |      1 |      0 |      0 |      0 |   1 |    1.0 |
               +--------+--------+--------+--------+--------+-----+--------+

Top non-repeatable levels by time:
     D:5: 1964 daAuts
     D:7: 1847 daAuts
     D:3: 1240 daAuts
     D:1: 1017 daAuts
     D:2: 978 daAuts
     D:6: 959 daAuts
     D:4: 861 daAuts
     D:8: 44 daAuts
  Temple: 1 daAuts
